 Dungeon Sprint DCSS version 0.17-a0-1946-gfb768fe (webtiles) character file.

802 esc the Martial Artist (level 7, 0/54 HPs)
             Began as an Octopode Transmuter on Oct 1, 2015.
             Was an Initiate of Cheibriados.
             Slain by a deep troll (17 damage)
             ... in the Dungeon (Sprint I: "Red Sonja").
             The game lasted 00:05:55 (1283 turns).

esc the Martial Artist (Octopode Transmuter)        Turns: 1283, Time: 00:05:55

Health: 0/54       AC:  2    Str: 10    XL:     7   Next: 91%
Magic:  11/17      EV: 27    Int: 18    God:    Cheibriados [......]
Gold:   787        SH:  0    Dex: 19    Spells: 3 memorised, 14 levels left

rFire  . . .     SeeInvis .       - Unarmed
rCold  . . .     Clarity  .     (shield currently unavailable)
rNeg   . . .     SustAt   .     (helmet currently unavailable)
rPois  x         Gourm    .     (no amulet)
rElec  .         Spirit   .     (no ring)
rCorr  .         Warding  .     (no ring)
rMut   .         NoTele   +     (no ring)
MR     .....                    (no ring)
Stlth  ++........               (no ring)
                                (no ring)
                                (no ring)
                                (no ring)

@: spider-form, drained, very slow, not resistant to hostile enchantments,
unstealthy
A: almost no armour, amphibious, 8 rings, (constrict 8), (camouflage 0),
(gelatinous body 0)
a: End Transformation, Bend Time, Renounce Religion


You were in the Dungeon.
You worshipped Cheibriados.
Cheibriados was noncommittal.
You were not hungry.
You were a venomous arachnid creature.
You visited 1 branch You collected 787 gold pieces.

Inventory:

Missiles
 a - 5 arrows
 d - 5 curare-tipped needles
Magical devices
 j - a wand of digging (10)
   (You took it off Ijyb in the Dungeon)
Scrolls
 i - a scroll of blinking {!r}
Potions
 c - 2 potions of curing
 f - a potion of haste
 g - 2 potions of magic
 h - a potion of berserk rage {!q}
 k - a potion of beneficial mutation {unknown}
 l - a potion of brilliance {unknown}
Books
 b - a book of Changes
Comestibles
 m - a meat ration {@e2}


   Skills:
 + Level 7.6(6.9) Fighting
 + Level 7.9(7.2) Dodging
 + Level 8.1(7.5) Unarmed Combat
 + Level 7.2(6.6) Spellcasting
 + Level 7.7(7.1) Transmutations


You had 14 spell levels left.
You knew the following spells:

 Your Spells              Type           Power        Failure   Level  Hunger
a - Beastly Appendage     Trmt           ####..       4%          1    None
c - Spider Form           Trmt/Pois      ###.......   24%         3    ##.....
s - Sticks to Snakes      Trmt           ####......   4%          2    None


Dungeon Overview and Level Annotations

Branches:
Dungeon (1/1)

Altars:
Cheibriados
Dithmenos
Elyvilon
Fedhas
Gozag
Kikubaaqudgha
Makhleb
Nemelex Xobeh
Okawaru
Qazlal
Ru
Sif Muna
Trog
Vehumet
Xom
Yredelemnul
Zin
The Shining One
Jiyva

Shops:
D [


Innate Abilities, Weirdness & Mutations

You cannot wear most types of armour.
You are amphibious.
You can wear up to eight rings at the same time.
((You can use your tentacles to constrict eight enemies at once.))
((Your skin changes colour to match your surroundings (Stealth).))
((Your rubbery body absorbs attacks (AC +1).))


Message History

The giant spore explodes!
The explosion of spores engulfs the ballistomycete.
The explosion of spores engulfs you!
You are more confused.
* * * LOW HITPOINT WARNING * * *
Your adder appears confused.
The explosion of spores engulfs your adder.
Your adder dies!
You take 52 damage, and have 2/54 hp.
MASSIVE DAMAGE!!
There is an open door, covered with mould here.
You bump into the stone wall.
You barely miss the ballistomycete.
You feel less confused.
You tentacle-slap the ballistomycete but do no damage.
You grab the ballistomycete. You tentacle-slap the ballistomycete.
You squeeze the ballistomycete. You constrict the ballistomycete.
MP restored: 17 You tentacle-slap the ballistomycete.
You constrict the ballistomycete. You tentacle-slap the ballistomycete.
You constrict the ballistomycete.
You tentacle-slap the ballistomycete. x2
You constrict the ballistomycete.
You destroy the ballistomycete!
c - a potion of curing You now have 610 gold pieces (gained 27).
You see here a potion of curing.
You tentacle-slap the active ballistomycete.
You grab the active ballistomycete.
You constrict the active ballistomycete.
You bludgeon the active ballistomycete! You squeeze the active ballistomycete.
You constrict the active ballistomycete.
You tentacle-slap the active ballistomycete.
You destroy the active ballistomycete!
The fungal colony is destroyed.
You now have 637 gold pieces (gained 27).
You now have 664 gold pieces (gained 27).
c - 2 potions of curing (gained 1)
You now have 691 gold pieces (gained 27).
You now have 706 gold pieces (gained 15).
k - a scroll labeled UTINOUGIPN Read which item? (? for menu, Esc to quit)
As you read the scroll labeled UTINOUGIPN, it crumbles to dust.
Forget which spell ([?*] list [ESC] exit)?
Forget which spell ([?*] list [ESC] exit)?
Okay, then.
It was a scroll of amnesia.
Unknown command.
k - a fizzy red potion You now have 733 gold pieces (gained 27).
You now have 760 gold pieces (gained 27).
You now have 787 gold pieces (gained 27).
There is an open door here.
Okay, then.
You start resting.
Health restored: 54 You open the door.
A deep troll comes into view.
Casting: Sticks to Snakes You create 2 snakes!
The deep troll bites your ball python!
Your ball python dies!
You now have 15/17 mp.
Drink which item? (? for menu, Esc to quit)
Okay, then.
The flow of time bends around you. Cheibriados rebukes your ball python.
Your ball python seems to slow down.
You feel slightly more hungry.
You now have 12/17 mp.
Your ball python barely misses the deep troll.
The deep troll bites your ball python!
Your ball python dies!
Casting: Sticks to Snakes You turn into a venomous arachnid creature.
You now have 9/17 mp.
You completely miss the deep troll. The deep troll closely misses you.
The deep troll closely misses you. The deep troll completely misses you.
You hit the deep troll.
The deep troll is poisoned.
The deep troll bites you!! The deep troll completely misses you.
The deep troll barely misses you.
You take 20 damage, and have 34/54 hp.
MASSIVE DAMAGE!!
You closely miss the deep troll. The deep troll barely misses you.
The deep troll claws you! The deep troll completely misses you.
You take 15 damage, and have 19/54 hp.
MASSIVE DAMAGE!!
There is an open door, spattered with blood here.
The deep troll completely misses you. x2
The deep troll claws you!!
* * * LOW HITPOINT WARNING * * *
You take 18 damage, and have 1/54 hp.
MASSIVE DAMAGE!!
The deep troll barely misses you. The deep troll completely misses you.
The deep troll barely misses you.
Drink which item? (? for menu, Esc to quit)
Not wearing; Degree: 0 You feel much better.
The deep troll bites you. The deep troll misses you. The deep troll claws you.
* * * LOW HITPOINT WARNING * * *
You regained 14 hp, and now have 16/54 hp.
You barely miss the deep troll. The deep troll bites you!
You die...

######################
#<.#..'..#.)'..#__#..+
#..'..#.)'..#..'^.'..#
#..#####'#####'#__####
#..####..#...#s####
#..#__####..##T#
#..#_..__##'#..+
#⌠⌠#_.∩...'..._#
##.#_..._##_.#'#
#..#_____###'#.#
############.####+###
+...'$$.$$+
#...#######


You could see a deep troll.

Vanquished Creatures
  A slime creature (D)
  Sigmund (D)
  A yak (D)
  An ogre (D)
  A jelly (D)
  Ijyb (D)
  2 ballistomycetes (D)
8 creatures vanquished.

Vanquished Creatures (others)
  Sonja (D)
  2 giant spores (D)
3 creatures vanquished.

Grand Total: 11 creatures vanquished

Notes
Turn   | Place    | Note
--------------------------------------------------------------
     0 | D        | esc the Octopode Transmuter began the quest for the Orb.
     0 | D        | Reached XP level 1. HP: 13/13 MP: 3/3
     2 | D        | Noticed Ijyb
    16 | D        | Killed Ijyb
    16 | D        | Reached skill level 2 in Fighting
    16 | D        | Reached skill level 3 in Dodging
    16 | D        | Reached skill level 4 in Unarmed Combat
    16 | D        | Reached skill level 3 in Spellcasting
    16 | D        | Reached skill level 3 in Transmutations
    16 | D        | Reached XP level 2. HP: 8/20 MP: 4/6
    16 | D        | Reached XP level 3. HP: 10/25 MP: 4/7
   206 | D        | Learned a level 3 spell: Spider Form
   207 | D        | Noticed an ogre
   214 | D        | Killed an ogre
   214 | D        | Reached skill level 4 in Fighting
   214 | D        | Reached skill level 4 in Dodging
   214 | D        | Reached skill level 5 in Unarmed Combat
   214 | D        | Reached skill level 4 in Spellcasting
   214 | D        | Reached skill level 4 in Transmutations
   214 | D        | Reached XP level 4. HP: 30/33 MP: 5/10
   251 | D        | Noticed Sigmund
   261 | D        | Killed Sigmund
   261 | D        | Reached skill level 5 in Fighting
   261 | D        | Reached skill level 5 in Dodging
   261 | D        | Reached skill level 6 in Unarmed Combat
   261 | D        | Reached skill level 5 in Spellcasting
   261 | D        | Reached skill level 5 in Transmutations
   261 | D        | Reached XP level 5. HP: 21/39 MP: 8/12
   261 | D        | Reached XP level 6. HP: 24/45 MP: 9/14
   401 | D        | Found a deep blue altar of Sif Muna.
   402 | D        | Noticed a jelly
   403 | D        | Found a radiant altar of Vehumet.
   410 | D        | Killed a jelly
   410 | D        | Reached skill level 6 in Dodging
   535 | D        | Found Leaxkin's Armour Emporium.
   535 | D        | Found a white marble altar of Elyvilon.
   535 | D        | Found a stormy altar of Qazlal.
   535 | D        | Found a burning altar of Makhleb.
   535 | D        | Found a sacrificial altar of Ru.
   535 | D        | Found a basalt altar of Yredelemnul.
   535 | D        | Found a glowing golden altar of the Shining One.
   535 | D        | Found a sparkling altar of Nemelex Xobeh.
   535 | D        | Found a shimmering altar of Xom.
   535 | D        | Found an opulent altar of Gozag.
   535 | D        | Found an ancient bone altar of Kikubaaqudgha.
   535 | D        | Found a glowing silver altar of Zin.
   535 | D        | Noticed a yak
   540 | D        | Killed a yak
   540 | D        | Reached skill level 6 in Fighting
   540 | D        | Reached skill level 7 in Unarmed Combat
   540 | D        | Reached skill level 6 in Spellcasting
   540 | D        | Reached skill level 6 in Transmutations
   541 | D        | Found an iron altar of Okawaru.
   542 | D        | Found a bloodstained altar of Trog.
   656 | D        | Found a snail-covered altar of Cheibriados.
   656 | D        | Found a viscous altar of Jiyva.
   656 | D        | Found a shadowy altar of Dithmenos.
   656 | D        | Found a blossoming altar of Fedhas.
   656 | D        | Noticed a slime creature
   667 | D        | Killed a slime creature
   667 | D        | Reached skill level 7 in Fighting
   667 | D        | Reached skill level 7 in Dodging
   667 | D        | Reached skill level 7 in Transmutations
   667 | D        | Reached XP level 7. HP: 45/54 MP: 14/17
   670 | D        | Became a worshipper of Cheibriados the Contemplative
   696 | D        | Learned a level 2 spell: Sticks to Snakes
   702 | D        | Noticed Sonja
   718 | D        | HP: 11/54 [Sonja/uncursed dagger of draining (5)]
   730 | D        | Killed Sonja
   730 | D        | Reached skill level 8 in Unarmed Combat
   730 | D        | Reached skill level 7 in Spellcasting
   980 | D        | HP: 2/54 [something (26)]
  1267 | D        | Noticed a deep troll
  1277 | D        | HP: 1/54 [deep troll (18)]
  1283 | D        | Slain by a deep troll

Vault maps used:
D:        dungeon_sprint_1

Action                   |  1- 3 |  4- 6 |  7- 9 || total
-------------------------+-------+-------+-------++-------
Melee: Unarmed           |    17 |    26 |    17 ||    60
 Cast: Beastly Appendage |     1 |       |     1 ||     2
       Spider Form       |     1 |     4 |     1 ||     6
       Sticks to Snakes  |       |       |     6 ||     6
Invok: Bend Time         |       |       |     1 ||     1
Evoke: Wand              |     1 |       |       ||     1
  Use: Potion            |       |       |     2 ||     2
       Scroll            |       |       |     1 ||     1
 Stab: Sleeping          |     2 |     1 |       ||     3
  Eat: Bread ration      |       |       |     1 ||     1

Vault maps used:
D:        dungeon_sprint_1

Table legend:
 A = Turns spent in this place as a percentage of turns spent in the entire game.
 B = Non-inter-level travel turns spent in this place as a percentage of non-inter-level travel turns spent in the entire game.
 C = Inter-level travel turns spent in this place as a percentage of turns spent in this place.
 D = Turns resting spent in this place as a percentage of non-inter-level travel turns spent in this place.
 E = Turns spent auto-exploring this place as a percentage of non-inter-level travel turns spent in this place.
 F = Non-inter-level travel turns spent in this place divided by the number of levels of this place that you've seen.
                   A       B       C       D       E      F
               +-------+-------+-------+-------+-------+----------------------
         Total | 100.0 | 100.0 |   0.0 |   4.6 |   0.0 | 328.0
       Dungeon | 100.0 | 100.0 |   0.0 |   4.6 |   0.0 | 328.0
               +-------+-------+-------+-------+-------+----------------------

Table legend:
 A = Kills in this place as a percentage of kills in entire the game.
 B = Kills by you in this place as a percentage of kills by you in the entire game.
 C = Kills by friends in this place as a percentage of kills by friends in the entire game.
 D = Other kills in this place as a percentage of other kills in the entire game.
 E = Experience gained in this place as a percentage of experience gained in the entire game.
 F = Experience gained in this place divided by the number of levels of this place that you have seen.
                   A       B       C       D       E      F
               +-------+-------+-------+-------+-------+----------------------
         Total | 100.0 | 100.0 |  -nan | 100.0 | 100.0 | 1147.0
       Dungeon | 100.0 | 100.0 |  -nan | 100.0 | 100.0 | 1147.0
               +-------+-------+-------+-------+-------+----------------------
